[Event "Late-Titled-Tuesday-Blitz-March-26-2024"]
[Site "Chess.com"]
[Date "2024.03.26"]
[Round "2"]
[White "HaryKane"]
[Black "GMKrikor"]
[Result "0-1"]
[WhiteElo "2575"]
[BlackElo "2847"]
[TimeControl "180+1"]
[EndTime "14:20:13 PDT"]
[Termination "GMKrikor won by resignation"]

1. d4 Nf6 2. e3 g6 3. f4 Bg7 4.
Nf3 O-O 5. Bd3 c5 6. dxc5 Na6 7. e4 Nxc5 8. Qe2 d6 9. O-O Bg4 10. Nc3 Rc8 11. h3 Bxf3 12. Rxf3 a6 13. Bd2 Nfd7 14. Re1 b5 15. h4 e6 16. h5 b4 17.
Nd1 a5 18. hxg6 fxg6 19. Rh3 Qf6 20. Bc4 Nb6 21. Bd3 Nxd3 22. cxd3 Nd7 23. b3 Rc2 24. Ne3 Rxa2 25. Ng4 Qb2 26. Rd1 Rxf4 27. Nh6+ Bxh6 28. Rxh6 Qd4+ 29. Be3 Rxe2 30. Bxd4 e5 31. Ba7 Nc5 32.
Rc1 Rff2 33. Rh2 Rc2 34. Rd1 Rfd2 35. Rf1 Nxd3 36. Bb8 Nf4 37. Kh1 Rc8 38. Ba7 Re2 39. Bb6 Ra8 40. Bc7 Rxe4 41. Bxd6 Rd8 42. Bc7 Ra8 43. g3 Ne6 44. Bd6 Nd4 45. Rhf2 Nf5 46.
Rd1 Nxg3+ 47. Kg2 Nf5 48. Bc5 Rc8 49. Bb6 Rf8 50. Kh1 Rh4+ 51. Kg2 Re4 52. Rd7 Nh4+ 53.
Kh3 Rxf2 54. Bxf2 Nf5 55. Ra7 h5 56. Rxa5 g5 57. Bc5 g4+ 58. Kg2 Re2+ 59. Kf1 Ng3+ 60. Kg1 h4 61. Bf2 Nf5 62. Kf1 Rb2 63. Rxe5 g3 64.
Rxf5 Rxf2+ 65. Rxf2 gxf2 66. Kxf2 Kf7 67. Kg2 Ke6 68.
Kh3 Kd5 69. Kxh4 Kd4 70. Kg3 Kc3 71. Kf2 Kxb3 72. Ke2 Kc2 0-1

[Event "Late-Titled-Tuesday-Blitz-March-26-2024"]
[Site "Chess.com"]
[Date "2024.03.26"]
[Round "2"]
[White "IsaqueGoncalvesSanto"]
[Black "Doublekk14"]
[Result "1/2-1/2"]
[WhiteElo "1879"]
[BlackElo "2414"]
[TimeControl "180+1"]
[EndTime "14:20:15 PDT"]
[Termination "Game drawn by repetition"]

1. d4 Nf6 2. c4 e6 3. Nf3 d5 4. Nc3 c5 5. cxd5 exd5 6. Bg5 Be6 7. e3 Nc6 8. Be2 Be7 9. O-O O-O 10. dxc5 Bxc5 11. Na4 Be7 12. b3 h6 13. Bh4 g5 14. Bg3 Ne4 15. Rc1 f5 16. Be5 g4 17.
Nd4 Nxd4 18. Qxd4 Bf6 19. f3 Bxe5 20. Qxe5 Qf6 21. Qxf6 Nxf6 22. Nc5 Bc8 23. Nd3 Re8 24.
Kf2 gxf3 25. gxf3 Bd7 26. Rg1+ Kh7 27. Rc7 Re7 28. Nf4 Rc8 29. Rxb7 a5 30. Rd1 Rce8 31.
Bb5 Bxb5 32. Rxb5 Rxe3 33. Nxd5 Nxd5 34. Rbxd5 Re2+ 35. Kg3 Rxa2 36. Rxf5 Rg8+ 37. Kf4 Rg7 38. Rdd5 Rxh2 39. Rxa5 Rb2 40. Rab5 Rc7 41. Rfe5 Rf7+ 42. Ke4 Rf2 43. Rf5 Re7+ 44. Kf4 Rb2 45. b4 Rc7 46.
Rf6 Rc4+ 47. Kf5 Rbxb4 48. Rxb4 Rxb4 49. Rf7+ Kg8 50. Rc7 Rb5+ 51. Kg6 Rb6+ 52. Kh5 Rf6 53. Kg4 Rg6+ 54. Kf5 Ra6 55. Rb7 Kf8 56. Rc7 Kg8 57.
Rb7 Ra3 58. f4 Ra5+ 59. Kg6 Ra6+ 60. Kh5 Rf6 61. Kg4 Kf8 62. f5 Kg8 63. Kf4 Ra6 64.
Ke5 Ra5+ 65. Kf6 Ra6+ 66. Ke5 Kh8 67. Kf4 Kg8 68. Ke5 1/2-1/2

[Event "Late-Titled-Tuesday-Blitz-March-26-2024"]
[Site "Chess.com"]
[Date "2024.03.26"]
[Round "2"]
[White "Good_Knight_Kiss"]
[Black "N_I_Chess"]
[Result "0-1"]
[WhiteElo "2507"]
[BlackElo "2326"]
[TimeControl "180+1"]
[EndTime "14:20:23 PDT"]
[Termination "N_I_Chess won by checkmate"]

1. e4 Nf6 2. e5 Nd5 3. c4 Nb6 4. d4 d6 5. exd6 cxd6 6. Nc3 g6 7. Be3 Bg7 8. Rc1 O-O 9. b3 Bf5 10. Be2 d5 11. c5 Nc8 12. Nf3 Nc6 13. O-O Bg4 14. Qd2 e6 15. Bh6 Bxh6 16. Qxh6 Bxf3 17. Bxf3 Nxd4 18. Bd1 Ne7 19. Re1 Rc8 20. b4 Nef5 21.
Qd2 Qf6 22. Qf4 Kg7 23. g3 Rfe8 24. Bg4 h5 25. Bxf5 Nxf5 26. Nb5 Qb2 27. Nxa7 Ra8 28.
Nb5 Rxa2 29. Rb1 Qd2 30. Qxd2 Rxd2 31. Ra1 Rb2 32. Reb1 Rxb1+ 33. Rxb1 Ra8 34. Rc1 Ra4 35. Nd6 Rxb4 36. Nxf5+ gxf5 37. c6 bxc6 38. Rxc6 f4 39. Kg2 Kf6 40. Rc7 fxg3 41. hxg3 Rb5 42. Rd7 Rb8 43. Kf3 Rf8 44. Kf4 Rb8 45. Kf3 Rb3+ 46. Ke2 Kg6 47. Kd2 f6 48. Ke2 Kf5 49. Rh7 Kg6 50. Re7 e5 51. Rd7 d4 52. Rd6 Kg5 53. Kf1 Kf5 54. Ke2 Rb2+ 55. Kf1 Rc2 56. Kg2 Rc8 57.
Kf1 Rf8 58. Ke2 Ke4 59. f3+ Kf5 60. Kd3 Rg8 61. g4+ hxg4 62. fxg4+ Rxg4 63. Ke2 Rg3 64. Kf2 Ra3 65. Ke2 Ke4 66. Rxf6 Ra2+ 67. Kd1 Ke3 68. Re6 e4 69. Kc1 d3 70. Rh6 d2+ 71. Kd1 Ra1+ 72. Kc2 d1=Q+ 73. Kc3 Rc1+ 74. Kb4 Qd2+ 75. Ka4 Qa2+ 76. Kb4 Qb2+ 77. Ka4 Ra1# 0-1

[Event "Late-Titled-Tuesday-Blitz-March-26-2024"]
[Site "Chess.com"]
[Date "2024.03.26"]
[Round "2"]
[White "The_Machine04"]
[Black "subham777"]
[Result "1-0"]
[WhiteElo "2793"]
[BlackElo "2539"]
[TimeControl "180+1"]
[EndTime "14:20:27 PDT"]
[Termination "The_Machine04 won on time"]

1. d4 d5 2. Nf3 Nf6 3. e3 e6 4. Nbd2 Bd6 5. Bd3 O-O 6. O-O c5 7. c3 Nc6 8. dxc5 Bxc5 9. b4 Bd6 10. Bb2 e5 11. e4 Ne7 12. Re1 Ng6 13. exd5 Nxd5 14.
Nc4 Bc7 15. Bxg6 fxg6 16. Ncxe5 Nf4 17. Qxd8 Rxd8 18. Rad1 Bf5 19. c4 a5 20. b5 Bb6 21.
Ba3 Rac8 22. Rxd8+ Rxd8 23. c5 Bc7 24. g3 Nd3 25. Nxd3 Rxd3 26. Re3 Rd1+ 27. Kg2 h6 28. Bb2 Bd8 29. Nd4 Kf7 30. Nxf5 gxf5 31. Be5 Rd5 32. c6 bxc6 33. bxc6 Rc5 34. Rd3 Rxe5 35.
Rxd8 Rc5 36. Rd7+ Kf6 37. c7 g5 38. Rh7 Kg6 39. Rd7 h5 40. h4 g4 41. Kf1 Rc2 42. a3 Kf6 43. Rh7 Kg6 44. Rd7 Kf6 45.
Ke1 Ke6 46. Rh7 Kd6 47. Rxh5 Rxc7 48. Rxf5 a4 49. Rf4 Rc1+ 50. Ke2 Rc2+ 51. Kf1 Ra2 52. Rxa4 Ke5 53. Rxg4 Kf5 54. Rf4+ Kg6 55. Kg2 Rxa3 56.
g4 Ra5 57. Kg3 Ra3+ 58. f3 Ra1 59. h5+ Kh6 60. Rf5 Rg1+ 61. Kf4 Ra1 62. Rf6+ Kg7 63. g5 Ra4+ 64. Kg3 Ra3 65. Kg4 Ra4+ 66. f4 Rb4 67. h6+ Kh7 68. Rf7+ Kg8 69. Rg7+ Kh8 70. Rc7 Rb5 71.
g6 Rb8 72. Kg5 Rg8 73. f5 Ra8 74. Rh7+ Kg8 75. Rg7+ Kh8 76. Rc7 Rd8 77. h7 Ra8 78. Kh6 1-0

[Event "Late-Titled-Tuesday-Blitz-March-26-2024"]
[Site "Chess.com"]
[Date "2024.03.26"]
[Round "2"]
[White "ContrVersia"]
[Black "NMJeevanK"]
[Result "1-0"]
[WhiteElo "2927"]
[BlackElo "2613"]
[TimeControl "180+1"]
[EndTime "14:20:35 PDT"]
[Termination "ContrVersia won by resignation"]

1. Nf3 d5 2. c4 e6 3. g3 Nf6 4. Bg2 Be7 5. O-O O-O 6. b3 c5 7. Bb2 Nc6 8. e3 Bd7 9. Nc3 Rc8 10. Qe2 Re8 11. Rad1 Qa5 12. d4 cxd4 13. exd4 Bb4 14. Rc1 dxc4 15. bxc4 e5 16. dxe5 Nxe5 17. Nxe5 Rxe5 18.
Ne4 Rxe4 19. Bxe4 Bg4 20. Bf3 Re8 21. Qd3 Bh3 22. Rfd1 Qb6 23. Bd4 Bc5 24. Rb1 Qa5 25. Bg2 Bg4 26. Rdc1 Rd8 27. Rb5 Qc7 28. Rxc5 Qxc5 29.
Bxc5 Rxd3 30. Bxa7 Ra3 31. Bd4 Rxa2 32. Bxb7 Ne8 33.
Bg2 Nc7 34. h3 Be6 35. c5 Nb5 36. Be3 Ra7 37. c6 Rc7 38. Bf4 Rc8 39. c7 Na7 40. Bb7 Re8 41. g4 Nc8 42. Rd1 f6 43. Rd8 Kf7 44.
Bc6 Rf8 45. Be3 Ne7 46. Rxf8+ Kxf8 47. Bc5 Bc8 48. Bd5 Ke8 49. Be4 g6 50. Bd6 f5 51.
Bf3 Kd7 52. Be5 Ke6 53. Bf4 Kd7 54. Kg2 Nc6 55. Kg3 Ne7 56. Bg2 Ke6 57. g5 Nd5 58. Bf3 Nxf4 59. Kxf4 Kd6 60. h4 Be6 61. Bg2 Kxc7 62.
Ke5 Kd7 63. Kf6 Kd6 64. f4 Kd7 65. Kg7 Ke7 66. Kxh7 Bf7 67. Kh6 Kf8 68. Bf3 Kg8 69.
h5 gxh5 70. Bxh5 Bd5 71. Bg6 Be6 72. Bh5 Bd7 73. Be2 Be6 74. Bd3 Kf7 75. g6+ Kf8 76. Kh7 Bg8+ 77. Kh8 Be6 78. g7+ Ke7 79. Bxf5 Bg8 80.
Bh7 1-0

[Event "Late-Titled-Tuesday-Blitz-March-26-2024"]
[Site "Chess.com"]
[Date "2024.03.26"]
[Round "2"]
[White "VitaliyBernadskiy"]
[Black "xasid81"]
[Result "0-1"]
[WhiteElo "2884"]
[BlackElo "2616"]
[TimeControl "180+1"]
[EndTime "14:20:35 PDT"]
[Termination "xasid81 won by resignation"]

1. e4 c6 2. d4 d5 3. exd5 cxd5 4. Bd3 Nc6 5. Nf3 Nf6 6. h3 e6 7. O-O Be7 8. Re1 O-O 9. c3 a6 10. a4 Rb8 11. Qe2 Bd7 12. Bf4 Rc8 13. Nbd2 Re8 14. Ne5 Bf8 15. Ndf3 Ne7 16. Ng5 Ng6 17. Ngxf7 Nxf4 18. Qf3 Nxd3 19. Nxd8 Nxe1 20. Rxe1 Rcxd8 21. g4 Re7 22. g5 Ne4 23. g6 h6 24. Qf4 Bxa4 25. Re3 Be8 26. h4 Nf6 27. Rf3 Ba4 28. Nf7 Rxf7 29.
gxf7+ Kxf7 30. Qc7+ Rd7 31. Qb6 Bc2 32. Re3 Be4 33.
f3 Bf5 34. Re1 Bd6 35. Kf2 Nh5 36. Rg1 Nf4 37. Ke3 Nh5 38. Qa7 Bf4+ 39. Kf2 Bd6 40. Qa8 Nf4 41. Qc8 Re7 42. Qd8 Nh3+ 43. Ke1 Nxg1 44. Qxd6 Nxf3+ 45. Ke2 Nxh4 46. b3 Ng6 47. c4 dxc4 48. bxc4 h5 49. Kf3 h4 50. d5 exd5 51. cxd5 h3 52. Qg3 Be4+ 53. Kf2 Bxd5 54. Qxh3 Be6 55.
Qf3+ Kg8 56. Qh5 Bf7 57. Qg5 Re6 58. Qd8+ Be8 59. Kf3 Kf7 60. Qc7+ Ne7 61. Kg4 Bc6 62. Qf4+ Rf6 63. Qc4+ Nd5 64. Qc5 Rf4+ 65. Kg5 Rf6 66.
Kg4 Rg6+ 67. Kf5 Rf6+ 68. Kg5 Re6 69. Kf5 Nf6 70. Qc4 Bd5 71. Qc7+ Re7 72. Qc5 Be6+ 73. Kf4 b5 74. Qd6 a5 75. Qc5 Bc4 76. Kf5 Be6+ 77.
Kf4 Bc4 78. Kf5 a4 79. Qa3 Be6+ 80. Kf4 Rb7 81. Qb4 Nd5+ 82. Ke5 Nxb4 0-1

[Event "Late-Titled-Tuesday-Blitz-March-26-2024"]
[Site "Chess.com"]
[Date "2024.03.26"]
[Round "2"]
[White "Adar_07"]
[Black "ahmedkandiliii"]
[Result "1-0"]
[WhiteElo "2775"]
[BlackElo "2511"]
[TimeControl "180+1"]
[EndTime "14:20:45 PDT"]
[Termination "Adar_07 won on time"]

1. d4 Nf6 2. Nf3 e6 3. Bg5 d5 4. c4 Bb4+ 5. Nc3 h6 6. Bxf6 Qxf6 7.
e3 O-O 8. cxd5 exd5 9. Qb3 Nc6 10. Bb5 Bxc3+ 11. Qxc3 Bg4 12. Bxc6 Bxf3 13. Bxb7 Rab8 14. gxf3 Qxf3 15. Bxd5 Qxd5 16. Rg1 Qh5 17. h3 Rfe8 18. Rg3 a5 19. b3 Qd5 20. Rc1 a4 21. b4 Qxa2 22.
Qxc7 Rxb4 23. d5 Qxd5 24. Qc3 g6 25. Qxb4 Qh1+ 26. Kd2 Rd8+ 27. Qd4 Rxd4+ 28. exd4 Qe4 29. Rd3 Qf4+ 30. Kc2 Qxf2+ 31. Kc3 Qf5 32. Ra1 Qc8+ 33. Kb2 Qb7+ 34. Kc2 Qb5 35. Raa3 Qc4+ 36. Kb2 Qb4+ 37.
Ka2 Qc4+ 38. Kb2 Kf8 39. d5 Ke7 40. d6+ Kd7 41. Rac3 Qb4+ 42. Ka2 Qb5 43. Rc7+ Kd8 44. Rcc3 Kd7 45. Ka3 f5 46. Rc7+ Kd8 47. Rdc3 Qd5 48. d7 Qd6+ 49. R7c5 Kxd7 50. Kxa4 Qb6 51. Rb5 Qa6+ 52.
Kb4 Ke6 53. Rbc5 Qf1 54. Rc6+ Ke5 55. Rxg6 Qf4+ 56. Kb3 Qf1 57. Rgc6 Kf4 58. R6c4+ Kg5 59. Rc2 Qb1+ 60. Kc3 Qe1+ 61. Kb3 Qf1 62. R4c3 Qb5+ 63. Ka2 f4 64. Rb3 Qa4+ 65. Kb2 Qd4+ 66. Rcc3 f3 67. Ka3 f2 68. Rg3+ Kh4 69. Rgf3 Qd2 70. Rb4+ Kg5 71.
Rg4+ Kh5 72. Rf5+ Qg5 73. Rgxg5+ hxg5 74. Rxf2 Kh4 75. Rg2 1-0

[Event "Late-Titled-Tuesday-Blitz-March-26-2024"]
[Site "Chess.com"]
[Date "2024.03.26"]
[Round "2"]
[White "Elsa167"]
[Black "Quattroporte300"]
[Result "1/2-1/2"]
[WhiteElo "2795"]
[BlackElo "2483"]
[TimeControl "180+1"]
[EndTime "14:20:59 PDT"]
[Termination "Game drawn - insufficient material"]

1. d4 d5 2. c4 dxc4 3. e3 Nf6 4. Bxc4 e6 5. Nf3 c5 6. O-O a6 7. b3 Nc6 8. Bb2 Be7 9. dxc5 Qxd1 10. Rxd1 Bxc5 11. a3 Ke7 12. b4 Ba7 13. Nbd2 b5 14. Be2 Bb7 15. Nb3 Rac8 16. Rac1 Rhd8 17. Rxd8 Nxd8 18.
Nc5 Bxc5 19. bxc5 Nd7 20. a4 b4 21. Bxg7 Rxc5 22. Rb1 a5 23. Bd4 Rc2 24. Bd3 Ra2 25. Bb5 Bc6 26. h4 f6 27. Ne1 e5 28. Bb2 Nb6 29.
Bc1 Nxa4 30. Bc4 Nc3 31. Bxa2 Nxa2 32. Bd2 Nb7 33. Rb2 Bd5 34. e4 Be6 35. Nd3 Kd6 36. Nxb4 Nxb4 37. Bxb4+ axb4 38. Rxb4 Nc5 39. f3 h5 40. Rb8 Bf7 41. Kf2 Nd3+ 42. Ke3 Nf4 43. g3 Ne6 44. Rb7 Bg6 45. Ra7 Nd4 46. g4 Ne6 47. Rb7 Nf4 48. Rg7 Ke6 49. Ra7 Ng2+ 50. Kf2 Nf4 51. Ra6+ Kf7 52. Kg3 Ne2+ 53. Kf2 Nf4 54. Rb6 hxg4 55. fxg4 Bxe4 56. h5 Kg7 57. Ra6 Nd5 58. Kg3 Ne3 59. Kh4 Ng2+ 60. Kg3 Nf4 61. Ra7+ Kh6 62. Rf7 Nd5 63. Kh4 Bd3 64. Rd7 Nf4 65. Rd6 Kg7 66. Rd7+ Kh6 67. Rf7 Nd5 68. Kg3 e4 69. Rd7 Bc4 70. Rd6 Kg5 71. Rd7 Bd3 72. Rg7+ Kh6 73. Rg6+ Kh7 74. g5 fxg5 75. Rxg5 Nf6 76.
Kf4 Bc2 77. Rf5 Ng8 78. Kg5 Bd3 79. Rf7+ Kh8 80. h6 e3 81. Rf3 e2 82. Re3 Kh7 83.
Kf4 Nxh6 84. Kg3 Bc4 85. Kf2 Kg6 86. Rxe2 Bxe2 87. Kxe2 1/2-1/2

[Event "Late-Titled-Tuesday-Blitz-March-26-2024"]
[Site "Chess.com"]
[Date "2024.03.26"]
[Round "2"]
[White "SHIVACalypso"]
[Black "Dolphin_2010"]
[Result "0-1"]
[WhiteElo "2483"]
[BlackElo "2333"]
[TimeControl "180+1"]
[EndTime "14:22:18 PDT"]
[Termination "Dolphin_2010 won by resignation"]

1. c4 c6 2. g3 d5 3. Bg2 Nf6 4. Nf3 Bf5 5. O-O Bxb1 6. Rxb1 e6 7. b3 Be7 8. Bb2 O-O 9. e3 Nbd7 10. d4 Qa5 11. Qc2 Ba3 12. Bc3 Bb4 13. Bxb4 Qxb4 14.
Ne1 Rac8 15. Nd3 Qa3 16. c5 Qa5 17. b4 Qc7 18. a4 a6 19. b5 axb5 20. axb5 cxb5 21.
Rxb5 b6 22. Rfb1 bxc5 23. Nxc5 Nxc5 24. Rxc5 Qd7 25. Rc1 Rb8 26. Bf3 g6 27. h4 h5 28.
Kg2 Qb7 29. Rc7 Qb2 30. Qxb2 Rxb2 31. Ra7 Kg7 32. Rcc7 Ne8 33. Rd7 Rb6 34. e4 dxe4 35. Bxe4 Nf6 36. Bf3 Nxd7 37. Rxd7 Rbb8 38. d5 exd5 39.
Rxd5 Rfe8 40. Rd2 Re7 41. Rc2 Rd8 42. Rb2 Red7 43. Rc2 Rd2 44. Rc5 Rb2 45. Bd5 Rd6 46. Ra5 Rd7 47. Rc5 Re7 48. Bf3 Ra7 49. Bd5 Rd2 50.
Bb3 Rb7 51. Rc3 Rb2 52. Bd5 Rd7 53. Bb3 Rd6 54. Kg1 Rf6 55. Bc2 Rd6 56. Bb3 Rf6 57. Bc2 Re6 58. Bb3 Rb6 59. Bc2 Ra2 60. Be4 Rbb2 61.
Rf3 Rd2 62. Kg2 f5 63. Bc6 Kf6 64.
Bb7 Rab2 65. Bc6 Rd6 66. Be8 Rb4 67. Rc3 Ke7 68. Bc6 Rd2 69. Re3+ Kd6 70. Be8 Rg4 71.
Bf7 f4 72. Re6+ Kc5 73. Rxg6 fxg3 74. Rxg4 hxg4 75. Kxg3 Rd4 76. Bh5 Kd5 77. Bxg4 Ke5 78. f3 Kf6 79. Kh3 Rb4 80. Kg3 Rb1 81. Kh3 Rg1 82.
Kh2 Re1 83. Kg3 Ke5 84. h5 Rh1 85. Kg2 Rc1 86. Kg3 Kf6 87. Kg2 Kg5 88. Kg3 Rc3 89. Kg2 Kf4 90. Kh3 Rc2 91. h6 Rc6 92. Kg2 Rxh6 93. Kf2 Rh2+ 94. Ke1 Ke3 95. Kf1 Rf2+ 96. Kg1 Ke2 97. Bh5 Ke1 98. Bg4 Ke2 99. Bh5 Ke3 100. Bg4 Rc2 101. Bh5 Rc5 102. Bg4 Rb5 103. Bh5 Kf4 104. Bg4 Rb2 105. Kf1 Kg3 106. Ke1 Rg2 107. Bh5 Rh2 108. Bg4 Rb2 109. Bh5 Rb4 110. Bg4 Rb5 111. Bh5 Rxh5 0-1

[Event "Late-Titled-Tuesday-Blitz-March-26-2024"]
[Site "Chess.com"]
[Date "2024.03.26"]
[Round "3"]
[White "kagg1125"]
[Black "rhwr"]
[Result "1-0"]
[WhiteElo "2521"]
[BlackElo "2292"]
[TimeControl "180+1"]
[EndTime "14:24:31 PDT"]
[Termination "kagg1125 won by resignation"]

1. e4 c5 2. Nf3 d6 3. d4 cxd4 4. Nxd4 Nf6 5. Nc3 e5 6. Bb5+ Bd7 7. Bxd7+ Qxd7 8. Nf5 d5 9. Nxd5 Nxe4 10. O-O Na6 11.
Nfe3 O-O-O 12. c3 Nc7 13. Nxc7 Qxc7 14. Qg4+ f5 15. Qxf5+ Kb8 16. Qxe4 1-0

[Event "Late-Titled-Tuesday-Blitz-March-26-2024"]
[Site "Chess.com"]
[Date "2024.03.26"]
[Round "3"]
[White "Statham_01"]
[Black "Kavyev_Ruslan"]
[Result "1-0"]
[WhiteElo "2607"]
[BlackElo "2393"]
[TimeControl "180+1"]
[EndTime "14:24:32 PDT"]
[Termination "Statham_01 won by resignation"]

1. e4 c5 2. Nf3 Nc6 3. b4 cxb4 4. d4 d5 5. exd5 Qxd5 6. c4 bxc3 7. Nxc3 Qa5 8. Rb1 e6 9. Bd2 Bb4 10. Rxb4 Nxb4 11.
Nb5 a6 12. Nd6+ Ke7 13. Nc4 Qa3 14. Nxa3 1-0

[Event "Late-Titled-Tuesday-Blitz-March-26-2024"]
[Site "Chess.com"]
[Date "2024.03.26"]
[Round "3"]
[White "Cluke86"]
[Black "maurovargas01"]
[Result "1-0"]
[WhiteElo "2337"]
[BlackElo "1851"]
[TimeControl "180+1"]
[EndTime "14:24:38 PDT"]
[Termination "Cluke86 won by resignation"]

1. e4 d5 2. exd5 Qxd5 3. Nf3 Qa5 4. Bc4 Nf6 5. Nc3 c6 6. d4 Bg4 7. h3 Bh5 8. g4 Bg6 9. Bd2 Qc7 10. Ne5 Nbd7 11.
Bf4 Qxe5+ 12. dxe5 1-0

[Event "Late-Titled-Tuesday-Blitz-March-26-2024"]
[Site "Chess.com"]
[Date "2024.03.26"]
[Round "3"]
[White "artooon"]
[Black "newyorkmouse"]
[Result "1-0"]
[WhiteElo "3029"]
[BlackElo "2698"]
[TimeControl "180+1"]
[EndTime "14:24:47 PDT"]
[Termination "artooon won by resignation"]

1. e4 c6 2. d4 d5 3. e5 Na6 4. c3 Nc7 5. Bd3 h5 6. h3 g6 7. Nf3 Nh6 8. O-O Bf5 9. Na3 Ne6 10. Nc2 Ng7 11. Bxh6 Rxh6 12. Bxf5 Nxf5 13. e6 fxe6 14. Qe2 Qd6 15. Ng5 Kd7 16. Rae1 Ng7 17. Nf7 Qf4 18. Nxh6 Qxh6 19. Nb4 g5 20. Nd3 b6 21. Ne5+ Kc7 22. c4 Nf5 23. cxd5 exd5 24. Rc1 Nxd4 25. Qd3 c5 26. Qxd4 1-0

[Event "Late-Titled-Tuesday-Blitz-March-26-2024"]
[Site "Chess.com"]
[Date "2024.03.26"]
[Round "3"]
[White "ahmedkandiliii"]
[Black "Elsa167"]
[Result "1-0"]
[WhiteElo "2524"]
[BlackElo "2782"]
[TimeControl "180+1"]
[EndTime "14:24:55 PDT"]
[Termination "ahmedkandiliii won by resignation"]

1. e4 e6 2. d4 d5 3. Nd2 c5 4.
exd5 Qxd5 5. Ngf3 cxd4 6. Bc4 Qd7 7. O-O Nc6 8. Nb3 a6 9. Nbxd4 Nxd4 10. Nxd4 Qc7 11.
Bd3 Bd6 12. h3 Nf6 13. Bg5 Bd7 14. Re1 h6 15. Bxf6 gxf6 16. Qf3 Be5 17. c3 O-O 18. Qh5 Bxd4 19. cxd4 Qf4 20. Re4 1-0

[Event "Late-Titled-Tuesday-Blitz-March-26-2024"]
[Site "Chess.com"]
[Date "2024.03.26"]
[Round "3"]
[White "PenguinPacks"]
[Black "mightysmasher"]
[Result "0-1"]
[WhiteElo "2403"]
[BlackElo "2609"]
[TimeControl "180+1"]
[EndTime "14:25:00 PDT"]
[Termination "mightysmasher won by resignation"]

1. e4 e6 2. d4 d5 3. e5 c5 4. c3 Nc6 5. Nf3 Qb6 6. a3 Bd7 7. b4 cxd4 8. cxd4 Rc8 9. Bb2 Na5 10. Nbd2 Nc4 11. Nxc4 dxc4 12. Rc1 Qa6 13. Nd2 b5 14.
a4 Ne7 15. axb5 Bxb5 16. Ra1 Qb7 17. Qf3 Nd5 18. Ba3 c3 0-1

[Event "Late-Titled-Tuesday-Blitz-March-26-2024"]
[Site "Chess.com"]
[Date "2024.03.26"]
[Round "3"]
[White "sacrifoice"]
[Black "giomar27"]
[Result "1-0"]
[WhiteElo "2224"]
[BlackElo "2434"]
[TimeControl "180+1"]
[EndTime "14:25:13 PDT"]
[Termination "sacrifoice won by resignation"]

1. e4 e6 2. d4 d5 3. Nd2 c5 4.
exd5 Qxd5 5. Ngf3 cxd4 6. Bc4 Qd8 7. O-O Nc6 8. Nb3 Bd6 9. Nbxd4 Nge7 10. c3 O-O 11. Bd3 Nxd4 12. cxd4 Ng6 13. Bg5 Qc7 14.
Rc1 Qb8 15. h4 Bf4 16. Rc2 Bxg5 17. Nxg5 f6 18. Nxh7 Kxh7 19. Qh5+ Kg8 20. Bxg6 Rd8 21. Qh7+ Kf8 22. Qh8+ Ke7 23. Qxg7+ Kd6 24. Qxf6 b6 25. Qxd8+ 1-0

[Event "Late-Titled-Tuesday-Blitz-March-26-2024"]
[Site "Chess.com"]
[Date "2024.03.26"]
[Round "3"]
[White "Gravity_Chess"]
[Black "HansOnTwitch"]
[Result "0-1"]
[WhiteElo "2835"]
[BlackElo "3119"]
[TimeControl "180+1"]
[EndTime "14:25:39 PDT"]
[Termination "HansOnTwitch won by resignation"]

1. c4 e5 2. Nc3 d6 3. g3 f5 4. Bg2 Nf6 5. d4 Be7 6. dxe5 dxe5 7.
Qxd8+ Bxd8 8. Nf3 Nbd7 9. b3 c6 10. Bb2 Bc7 11. O-O-O O-O 12. h3 Re8 13. Ba3 e4 14.
Nd4 Ne5 15. f4 exf3 16. exf3 Nh5 17. Rhe1 Nd3+ 0-1

[Event "Late-Titled-Tuesday-Blitz-March-26-2024"]
[Site "Chess.com"]
[Date "2024.03.26"]
[Round "3"]
[White "GHANDEEVAM2003"]
[Black "Kiborg95"]
[Result "1-0"]
[WhiteElo "3042"]
[BlackElo "2782"]
[TimeControl "180+1"]
[EndTime "14:25:54 PDT"]
[Termination "GHANDEEVAM2003 won by resignation"]

1. d3 d6 2. Nf3 g6 3. g3 Bg7 4. Bg2 e5 5. O-O Ne7 6. c4 O-O 7. Nc3 c6 8. Qc2 f5 9. b4 a6 10. a4 h6 11. Ba3 d5 12. cxd5 cxd5 13. b5 Be6 14. Nh4 Kh7 15. Bxe7 Qxe7 16. Nxd5 Qd6 17. Nc7 Rc8 18. Rac1 e4 19. dxe4 Be5 20. exf5 Rxc7 21. Qxc7+ 1-0

[Event "Late-Titled-Tuesday-Blitz-March-26-2024"]
[Site "Chess.com"]
[Date "2024.03.26"]
[Round "3"]
[White "Konavets"]
[Black "N_Mullodzhanov"]
[Result "1-0"]
[WhiteElo "3148"]
[BlackElo "2552"]
[TimeControl "180+1"]
[EndTime "14:26:02 PDT"]
[Termination "Konavets won by checkmate"]

1. e4 c6 2. Nc3 d5 3. Qf3 e6 4. d4 dxe4 5. Nxe4 Qxd4 6. Ne2 Qd8 7. Bd2 Nd7 8. O-O-O Ngf6 9. N2c3 Be7 10. Bf4 O-O 11.
Bd3 Nd5 12. h4 Nxf4 13. Qxf4 e5 14. Qf3 f5 15. Bc4+ Kh8 16. Nd6 Bxd6 17. Rxd6 Qe7 18. Re6 Qc5 19. Bd3 Nb6 20. Ne4 fxe4 21. Qxe4 g6 22.
h5 Bxe6 23. hxg6 Qxf2 24. g7+ Kxg7 25. Rxh7+ Kf6 26. Qg6# 1-0

[Event "Late-Titled-Tuesday-Blitz-March-26-2024"]
[Site "Chess.com"]
[Date "2024.03.26"]
[Round "3"]
[White "arenal72"]
[Black "eightbyeightchess"]
[Result "1-0"]
[WhiteElo "2621"]
[BlackElo "2422"]
[TimeControl "180+1"]
[EndTime "14:26:09 PDT"]
[Termination "arenal72 won by resignation"]

1. Nf3 d5 2. g3 Nf6 3. Bg2 Bf5 4. O-O e6 5. d3 Be7 6. c4 O-O 7. Be3 Nbd7 8. Nc3 c5 9. cxd5 exd5 10. d4 c4 11. Bf4 Qa5 12. Rc1 h6 13. Ne5 Rad8 14.
Re1 b5 15. Nc6 1-0

[Event "Late-Titled-Tuesday-Blitz-March-26-2024"]
[Site "Chess.com"]
[Date "2024.03.26"]
[Round "3"]
[White "slorovel"]
[Black "Zkid"]
[Result "0-1"]
[WhiteElo "2635"]
[BlackElo "2907"]
[TimeControl "180+1"]
[EndTime "14:26:14 PDT"]
[Termination "Zkid won by resignation"]

1. e4 c5 2. Nf3 d6 3. Bb5+ Bd7 4. Bxd7+ Nxd7 5. O-O Ngf6 6. Re1 e6 7. d4 cxd4 8.
Nxd4 Be7 9. c4 O-O 10. Nc3 Qa5 11. Be3 Rac8 12. Qd2 Rxc4 13. Rac1 Rfc8 14. Nb3 Qh5 15. f3 a6 16. Qe2 b5 17. Rcd1 b4 18. Na4 Qb5 19. Nd2 Rc2 20. b3 Rxa2 21. Qxb5 axb5 22. Nb6 Nxb6 23. Bxb6 Rcc2 24. Be3 d5 25. e5 Nd7 26. f4 Bc5 27. Kf2 Rxd2+ 0-1

[Event "Late-Titled-Tuesday-Blitz-March-26-2024"]
[Site "Chess.com"]
[Date "2024.03.26"]
[Round "3"]
[White "Njal28"]
[Black "rdarruda"]
[Result "1-0"]
[WhiteElo "3030"]
[BlackElo "2530"]
[TimeControl "180+1"]
[EndTime "14:26:16 PDT"]
[Termination "Njal28 won by resignation"]

1. Nf3 d5 2. g3 Nf6 3. Bg2 c5 4. O-O Nc6 5. d3 e6 6. e4 dxe4 7. dxe4 Qxd1 8. Rxd1 b6 9. Na3 Bb7 10. Nb5 Rc8 11. Bf4 Be7 12. Ne5 Nxe5 13. Bxe5 O-O 14. Bd6 Rfe8 15. Bxe7 Rxe7 16. Nd6 Rb8 17. Nxb7 Rexb7 18. e5 Nd5 19. c4 1-0

[Event "Late-Titled-Tuesday-Blitz-March-26-2024"]
[Site "Chess.com"]
[Date "2024.03.26"]
[Round "3"]
[White "Russian_berezka"]
[Black "KVAIDAN"]
[Result "1-0"]
[WhiteElo "2586"]
[BlackElo "2356"]
[TimeControl "180+1"]
[EndTime "14:26:26 PDT"]
[Termination "Russian_berezka won by resignation"]

1. d4 e6 2. Bf4 c5 3. e3 Qb6 4. b3 Nc6 5. c3 Nf6 6. Nf3 Ne4 7. Bd3 d5 8. O-O Be7 9. Qc2 f5 10. c4 Nb4 11. Qe2 Nxd3 12. Qxd3 O-O 13. cxd5 exd5 14. Nbd2 Bf6 15. Rac1 cxd4 16. exd4 Bd7 17. a4 Rac8 18.
Ne5 Bxe5 19. Bxe5 Nxd2 20. Qxd2 Qxb3 21. Qg5 g6 22. Qe7 Rf7 23. Rxc8+ Bxc8 24. Qd8+ Rf8 25.
Qc7 Rf7 26. Qxc8+ Rf8 27. Qe6+ Rf7 28. Rc1 1-0

[Event "Late-Titled-Tuesday-Blitz-March-26-2024"]
[Site "Chess.com"]
[Date "2024.03.26"]
[Round "3"]
[White "SuanFernandes"]
[Black "ChessSwole"]
[Result "0-1"]
[WhiteElo "2305"]
[BlackElo "2665"]
[TimeControl "180+1"]
[EndTime "14:26:30 PDT"]
[Termination "ChessSwole won by resignation"]

1. d4 d5 2. c4 e6 3. Nc3 Nf6 4. Nf3 Be7 5. Bf4 O-O 6. e3 b6 7. Bd3 Bb7 8. cxd5 Nxd5 9. Nxd5 Qxd5 10. O-O c5 11. dxc5 Bxc5 12. Qc2 h6 13. Rfd1 Qh5 14.
Bh7+ Kh8 15. Be4 Nc6 16. a3 Rac8 17. Rd7 Ba8 18. Rad1 f5 19. Bd3 Nb8 20. Be5 Nxd7 0-1